 Dungeon Crawl Stone Soup version 0.28-a0-8-g6e044cfa68 (webtiles) character file.

Game seed: 12125870030350722483

119749 Spaninq the Warrior (level 16, -9/183 HPs)
             Began as an Ogre Artificer on July 23, 2021.
             Was the Champion of Zin.
             Mangled by a jumping spider (17 damage)
             ... on level 2 of the Spider Nest.
             The game lasted 01:32:46 (26809 turns).

Spaninq the Warrior (Ogre Artificer)               Turns: 26809, Time: 01:32:47

Health: -9/183     AC:  6    Str: 28    XL:     16   Next: 80%
Magic:  35/35      EV:  8    Int: 18    God:    Zin [******]
Gold:   1995       SH:  0    Dex: 14    Spells: 15/15 levels left

rFire   + . .      SeeInvis .   R - +8 lajatang of Eternal Night {flame, rCorr}
rCold   + + .      Faith    .   (shield currently unavailable)
rNeg    . . .      Spirit   .   C - +0 troll leather armour
rPois   ∞          Reflect  +   M - +0 hat {Will+}
rElec   .          Harm     .   y - scarf {rC+ rF+}
rCorr   +          Rampage  .   (gloves unavailable)
Will    +++..                   (boots unavailable)
Stlth   +.........              h - amulet of reflection
HPRegen 1.40/turn               H - ring of willpower
MPRegen 0.24/turn               x - ring "Kum Duer" {rPois rC+ MP+9 Int+2}

@: vitalised, held
A: large, unfitting armour, tough skin 1
a: Renounce Religion, Recite, Vitalisation, Imprison, Sanctuary, Donate Gold


You were on level 2 of the Spider Nest.
You worshipped Zin.
Zin was exalted by your worship.
You visited 4 branches of the dungeon, and saw 24 of its levels.
You also visited: Trove and Bailey.

You collected 2667 gold pieces.
You spent 406 gold pieces at shops.
You donated 266 gold pieces to Zin.

Inventory:

Hand Weapons
 j - a +2 spectral quarterstaff
 I - the +6 lajatang of Fragile Peace {flame, +Blink rCorr SInv}
   (You acquired it on level 3 of the Lair of Beasts)

   It burns those it strikes, dealing additional fire damage.
   Big, fiery blades are also staple armaments of hydra-hunters.
   SInv:      It lets you see invisible.
   +Blink:    It lets you blink.
   rCorr:     It protects you from acid and corrosion.
 R - the +8 lajatang of Eternal Night (weapon) {flame, rCorr}
   (You found it in a treasure trove)

   It burns those it strikes, dealing additional fire damage.
   Big, fiery blades are also staple armaments of hydra-hunters.
   rCorr:     It protects you from acid and corrosion.
Armour
 m - +1 acid dragon scales
 y - a scarf of resistance (worn)
 C - a +0 troll leather armour (worn)
 D - a +0 cloak
 M - a +0 hat of willpower (worn)
Jewellery
 h - an amulet of reflection (around neck)
 i - a +4 ring of evasion
 p - a +4 ring of protection
 x - the ring "Kum Duer" (right hand) {rPois rC+ MP+9 Int+2}
   (You found it in a treasure trove)

   [ring of magical power]

   Int:       It affects your intelligence (+2).
   rC:        It protects you from cold.
   rPois:     It protects you from poison.
   MP:        It affects your magic capacity (+9).
 F - a ring of flight
 H - a ring of willpower (left hand)
Wands
 b - a wand of iceblast (25)
 c - a wand of flame (13) (quivered)
 d - a wand of charming (15)
 t - a wand of paralysis (11)
 u - a wand of mindburst (14)
 A - a wand of acid (29)
Scrolls
 r - 13 scrolls of teleportation
 s - 3 scrolls of fog
 B - 3 scrolls of amnesia
 E - 3 scrolls of enchant armour
 G - 4 scrolls of enchant weapon
 L - 3 scrolls of magic mapping
 N - a scroll of brand weapon
 O - 4 scrolls of identify
 P - 3 scrolls of blinking
Potions
 a - 7 potions of curing
 e - 2 potions of berserk rage
 f - 6 potions of magic
 g - 2 potions of mutation
 k - 2 potions of heal wounds
 l - 5 potions of brilliance
 n - 2 potions of invisibility
 o - a potion of resistance {unknown}
 q - 4 potions of might
 v - 4 potions of haste
 w - 3 potions of cancellation
 z - 6 potions of flight
 J - 6 potions of ambrosia
 K - a potion of attraction {unknown}


   Skills:
 + Level 17.4 Fighting
 - Level 1.6(8.7) Maces & Flails
 - Level 13.9(14.0) Staves
 + Level 10.6 Armour
 + Level 11.7 Dodging
 - Level 0.6 Stealth
 + Level 13.9 Invocations
 + Level 3.2 Evocations


You had 15 spell levels left.
You didn't know any spells.
Your spell library contained the following spells:

 Spells                   Type           Power      Damage    Failure   Level
 Foxfire                  Conj/Fire      0%         2x1d4     24%         1
 Sandblast                Erth           0%         2d4       24%         1
 Blink                    Tloc           N/A        N/A       34%         2
 Passwall                 Tmut/Erth      0%         N/A       34%         2
 Slow                     Hex            0%         N/A       34%         2
 Confusing Touch          Hex            0%         N/A       56%         3
 Conjure Flame            Conj/Fire      0%         6-21      56%         3
 Inner Flame              Hex/Fire       0%         N/A       56%         3
 Lesser Beckoning         Tloc           0%         N/A       56%         3
 Vampiric Draining        Necr           0%         2d6       56%         3
 Cause Fear               Hex            0%         N/A       93%         4
 Leda's Liquefaction      Hex/Erth       0%         N/A       93%         4
 Summon Ice Beast         Ice/Summ       0%         N/A       93%         4
 Bolt of Magma            Conj/Fire/Erth 0%         4d4       100%        5
 Fireball                 Conj/Fire      0%         3d3       100%        5
 Iskenderun's Battlesphe  Conj           0%         2d6       100%        5
 Lee's Rapid Deconstruct  Erth           0%         3d5*      100%        5
 Manifold Assault         Tloc           0%         N/A       100%        5
 Summon Mana Viper        Hex/Summ       0%         N/A       100%        5
 Yara's Violent Unravell  Hex/Tmut       0%         3d3       100%        5
 Conjure Ball Lightning   Conj/Air       0%         3x3d6     100%        6
 Starburst                Conj/Fire      0%         8x6d3     100%        6
 Statue Form              Tmut/Erth      0%         N/A       100%        6
 Dragon Form              Tmut           0%         N/A       100%        7
 Monstrous Menagerie      Summ           0%         N/A       100%        7
 Orb of Destruction       Conj           0%         N/A       100%        7
 Storm Form               Tmut/Air       0%         N/A       100%        7
 Ignition                 Fire           0%         3d3       100%        8
 Dragon's Call            Summ           0%         N/A       100%        9


Dungeon Overview and Level Annotations

Branches:
Dungeon (15/15)            Temple (0/1) D:7            Lair (5/6) D:11
  Swamp (0/4) Lair:3       Spider (2/4) Lair:3          Orc (2/2) D:9
    Elf (0/3) Orc:2        Vaults (0/5) D:13         Depths (0/5) D:15
 Bailey (visited)
  Slime: Lair:5-6

Altars:
Cheibriados
Dithmenos
Elyvilon
Fedhas
Gozag
Hepliaklqana
Kikubaaqudgha
Makhleb
Okawaru
Ru
Sif Muna
Trog
Vehumet
Xom
Zin
The Shining One
Beogh

Shops:
D:8 **   D:11 *   D:14 ?   Orc:2 *([=

Portals:
Abyss: D:14

Annotations:
D:14 2 transporters, Eteoggu's ghost, journeyman FoFi
Lair:4 exclusion: oklob plant


Innate Abilities, Weirdness & Mutations

You are too large for most types of armour.
You have tough skin. (AC +1)


Message History

The jumping spider pounces on you!
You are caught in a web!
The jumping spider barely misses you. The jumping spider pounces on you!
The jumping spider bites you.
You struggle to detach yourself from the web.
The jumping spider leaps!
The jumping spider pounces on you!
* * * LOW HITPOINT WARNING * * *
You are even more entangled.
The jumping spider bites you.
* * * LOW HITPOINT WARNING * * *
The web tears apart.
The jumping spider completely misses you.
The jumping spider bites you but does no damage.
The jumping spider closely misses you. You block the jumping spider's attack.
You slash the jumping spider! You burn the jumping spider.
The jumping spider is heavily wounded.
The jumping spider pounces on you.
* * * LOW HITPOINT WARNING * * *
The jumping spider bites you.
* * * LOW HITPOINT WARNING * * *
You hit the jumping spider. You burn the jumping spider.
The jumping spider is severely wounded.
The jumping spider pounces on you.
* * * LOW HITPOINT WARNING * * *
You are caught in a web!
The jumping spider bites you.
* * * LOW HITPOINT WARNING * * *
You struggle to detach yourself from the web.
The jumping spider barely misses you. The jumping spider bites you.
* * * LOW HITPOINT WARNING * * *
The jumping spider pounces on you.
* * * LOW HITPOINT WARNING * * *
The jumping spider closely misses you. The jumping spider barely misses you.
The jumping spider bites you but does no damage.
You struggle to detach yourself from the web.
The jumping spider closely misses you. The jumping spider bites you.
* * * LOW HITPOINT WARNING * * *
The jumping spider pounces on you!
* * * LOW HITPOINT WARNING * * *
The jumping spider bites you.
* * * LOW HITPOINT WARNING * * *
The jumping spider pounces on you!
You die...

#.###.####..........##
##.#####.............##
##....##.............#
########............#.
##.............
##..........#.#
##.........#..
#†.s.s...#^
......#..@†...#
.....##.#....## ....#
#.###..# ...# ##. ....#
..# # #### #.


You could see 2 jumping spiders.

Vanquished Creatures
  Gastronok (Lair:2)
  The ghost of Tulew the Transmogrifier, a journeyman NaTm of Cheibriados (Lair:3)
  An orc warlord (Orc:2)
  Louise (D:15)
  An entropy weaver (Spider:2)
  A spark wasp (Spider:2)
  7 boulder beetles
  13 hydras
  A vault guard (D:14)
  6 centaur warriors
  A catoblepas (Lair:3)
  2 dancing weapons (D:13)
  A death knight (D:12)
  5 two-headed ogres
  A death yak (Lair:5)
  4 tengu warriors (D:14)
  5 orc high priests
  Urug (Lair:2)
  Sonja (D:12)
  13 slime creatures
  4 skeletal warriors (D:15)
  2 orc knights
  4 orc sorcerers
  A wizard (D:14)
  8 orb spiders
  Pikel (D:7)
  A salamander (D:15)
  An oklob plant (Lair:1)
  15 ugly things
  6 cyclopes
  10 elephants
  9 wolf spiders
  A manticore (shapeshifter) (D:15)
  Maurice (D:12)
  4 manticores
  Joseph (Lair:1)
  6 black mambas
  Maggie (D:7)
  19 cane toads
  A torpor snail (Spider:1)
  An unseen horror (D:12)
  An efreet (D:15)
  7 rime drakes
  2 komodo dragons
  2 demonic crawlers (Spider:1)
  7 jumping spiders
  3 meliai (Lair:4)
  9 trolls
  A merfolk (D:15)
  A queen bee (Lair:4)
  A polar bear (Lair:3)
  A hornet (Spider:2)
  17 blink frogs
  A wolf spider simulacrum (D:15)
  13 redbacks
  Sigmund (D:3)
  12 tarantellas
  Eustachio (D:4)
  9 wyverns
  A shadow (D:12)
  A vampire (D:12)
  3 wraiths
  50 yaks
  2 steam dragons
  19 vampire mosquitoes
  3 basilisks
  4 wargs
  Edmund (D:5)
  Duvessa (D:7)
  15 water moccasins
  31 orc warriors
  A hornet zombie (D:7)
  A sky beast (D:7)
  An ice beast (D:8)
  2 black bears
  6 necrophages
  37 wolves
  13 centaurs
  10 ogres
  4 boggarts (D:14)
  A lemure (D:7)
  4 kobold brigands
  15 bullfrogs
  Dowan (D:7)
  A scorpion (D:6)
  A wyvern skeleton (D:5)
  40 killer bees
  3 wights (D:8)
  7 electric eels
  8 howler monkeys
  A bullfrog zombie (D:5)
  2 jellies (D:4)
  4 hounds
  4 centaur zombies
  9 orc priests
  A gnoll shaman (D:9)
  Jessica (D:2)
  A bullfrog skeleton (D:5)
  2 iguanas
  16 orc wizards
  A hell rat (Lair:4)
  A hound skeleton (D:4)
  A howler monkey skeleton (D:6)
  5 gnolls
  6 adders
  A shadow imp (D:7)
  An ufetubus (D:7)
  2 worms
  4 dart slugs
  70 orcs
  12 ball pythons
  7 endoplasms
  4 giant cockroaches
  11 goblins
  7 hobgoblins
  2 jackals (D:2)
  2 quokkas
  6 bats
  3 frilled lizards
  28 kobolds
  4 rats (D:1)
  A bush (Lair:1)
760 creatures vanquished.

Vanquished Creatures (others)
  An orb spider (Spider:2)
  2 jumping spiders
  47 fungi
  41 plants
91 creatures vanquished.

Grand Total: 851 creatures vanquished

Notes
Turn   | Place    | Note
-------+----------+-------------------------------------------
     0 | D:1      | Spaninq the Ogre Artificer began the quest for the Orb.
     0 | D:1      | Reached XP level 1. HP: 19/19 MP: 1/1
   197 | D:1      | Reached skill level 1 in Maces & Flails
   197 | D:1      | Reached XP level 2. HP: 28/28 MP: 2/2
   241 | D:1      | Reached skill level 2 in Fighting
   910 | D:1      | Reached XP level 3. HP: 36/36 MP: 3/3
  1143 | D:2      | Reached skill level 1 in Staves
  1579 | D:2      | Reached skill level 3 in Fighting
  1579 | D:2      | Reached XP level 4. HP: 42/45 MP: 4/4
  1687 | D:2      | Noticed Jessica
  1689 | D:2      | Killed Jessica
  2083 | D:3      | Found a faded altar of an unknown god.
  2095 | D:3      | Became a worshipper of Zin the Law-Giver
  2095 | D:3      | Reached * piety under Zin
  2129 | D:3      | Noticed Sigmund
  2148 | D:3      | Killed Sigmund
  2149 | D:3      | Reached skill level 4 in Fighting
  2149 | D:3      | Reached XP level 5. HP: 24/55 MP: 5/5
  2149 | D:3      | Reached XP level 6. HP: 28/63 MP: 6/6
  2377 | D:3      | Found a hazy altar of Hepliaklqana.
  2559 | D:3      | Reached ** piety under Zin
  2935 | D:4      | Noticed Eustachio
  2956 | D:4      | Killed Eustachio
  2957 | D:4      | Reached skill level 5 in Fighting
  2957 | D:4      | Reached skill level 5 in Staves
  2957 | D:4      | Reached skill level 1 in Invocations
  2957 | D:4      | Reached XP level 7. HP: 56/72 MP: 6/8
  3520 | D:4      | Found an iron altar of Okawaru.
  3579 | D:4      | Reached *** piety under Zin
  3676 | D:5      | Entered Level 5 of the Dungeon
  3838 | D:5      | Reached skill level 6 in Fighting
  4158 | D:5      | Noticed Edmund
  4164 | D:5      | Reached XP level 8. HP: 82/83 MP: 10/10
  4167 | D:5      | Killed Edmund
  5362 | D:6      | Reached skill level 7 in Fighting
  5758 | D:6      | Reached **** piety under Zin
  5828 | D:6      | Noticed a wyvern
  5834 | D:6      | Killed a wyvern
  5836 | D:6      | Reached XP level 9. HP: 75/93 MP: 12/12
  6222 | D:7      | Reached skill level 5 in Invocations
  6252 | D:7      | Noticed Maggie
  6264 | D:7      | Killed Maggie
  6265 | D:7      | Reached skill level 8 in Fighting
  6416 | D:7      | Identified a scroll of acquirement
  6416 | D:7      | Acquired an amulet of reflection
  6501 | D:7      | Found a staircase to the Ecumenical Temple.
  6761 | D:7      | Found a snail-covered altar of Cheibriados.
  6761 | D:7      | Found a glowing golden altar of the Shining One.
  6761 | D:7      | Noticed Dowan
  6785 | D:7      | Noticed Pikel
  6786 | D:7      | Noticed Duvessa
  6798 | D:7      | Killed Pikel
  6806 | D:7      | Killed Duvessa
  6814 | D:7      | Killed Dowan
  6815 | D:7      | Reached skill level 9 in Fighting
  6820 | D:7      | Found a shadowy altar of Dithmenos.
  6953 | D:7      | Found a white marble altar of Elyvilon.
  6958 | D:7      | Found a blossoming altar of Fedhas.
  6960 | D:7      | Found a shimmering blue altar of Sif Muna.
  6961 | D:7      | Found an ancient bone altar of Kikubaaqudgha.
  7173 | D:8      | Found Ginnoetu's Changing Room.
  7227 | D:8      | Found Velunt's General Store.
  7228 | D:8      | Reached ***** piety under Zin
  7287 | D:8      | Reached XP level 10. HP: 71/107 MP: 14/14
  7546 | D:8      | Reached skill level 1 in Armour
  7709 | D:8      | Reached skill level 10 in Staves
  7917 | D:9      | Noticed a two-headed ogre
  7927 | D:9      | Killed a two-headed ogre
  8455 | D:9      | Reached skill level 10 in Fighting
  8934 | D:9      | Found a staircase to the Orcish Mines.
  9780 | D:10     | Entered Level 10 of the Dungeon
  9793 | D:10     | Noticed a two-headed ogre
  9860 | D:10     | Noticed a two-headed ogre
  9871 | D:10     | Killed a two-headed ogre
  9872 | D:10     | Reached XP level 11. HP: 34/119 MP: 15/15
  9930 | D:10     | Found a bloodstained altar of Trog.
  9939 | D:10     | Noticed a two-headed ogre
 10148 | D:10     | Killed a two-headed ogre
 10149 | D:10     | Reached skill level 11 in Fighting
 10154 | D:10     | Found a burning altar of Makhleb.
 10167 | D:10     | Reached skill level 5 in Dodging
 10299 | D:10     | Found a flagged portal.
 10315 | Bailey   | Entered a bailey
 11131 | D:10     | Killed a two-headed ogre
 11297 | D:11     | Noticed a cyclops
 11306 | D:11     | Killed a cyclops
 11308 | D:11     | Noticed a manticore
 11351 | D:11     | Noticed a cyclops
 11747 | D:10     | Killed a cyclops
 11852 | D:11     | Found a staircase to the Lair.
 11872 | D:11     | Reached XP level 12. HP: 124/130 MP: 17/17
 11957 | D:11     | Found Deoshasa's Demolitions Depot.
 12487 | D:12     | Noticed Sonja
 12499 | D:12     | Killed Sonja
 12499 | D:12     | Noticed a boulder beetle
 12500 | D:12     | Reached skill level 5 in Armour
 12688 | D:12     | Noticed a death knight
 12712 | D:12     | Killed a death knight
 12757 | D:12     | Killed a boulder beetle
 12758 | D:12     | Reached skill level 12 in Fighting
 12826 | D:12     | Noticed a boulder beetle
 12838 | D:12     | Killed a boulder beetle
 12934 | D:12     | Noticed Maurice
 12946 | D:12     | Killed Maurice
 13246 | D:12     | Identified the +9 hand crossbow of Starshine {elec, +Blink
                  | Str+4 Int+4 Dex+4}
 13419 | Lair:1   | Entered Level 1 of the Lair of Beasts
 13461 | Lair:1   | Noticed Joseph
 13471 | Lair:1   | Killed Joseph
 13510 | Lair:1   | Reached ****** piety under Zin
 13531 | Lair:1   | Noticed a six-headed hydra
 13773 | D:12     | Killed a six-headed hydra
 13824 | D:11     | Reached XP level 13. HP: 117/141 MP: 17/19
 14811 | Lair:2   | Noticed Gastronok
 14996 | Lair:2   | Reached skill level 13 in Fighting
 15307 | Lair:2   | Noticed Urug
 15316 | Lair:2   | Killed Urug
 15865 | Lair:3   | Reached skill level 10 in Invocations
 16028 | Lair:3   | Acquired the +6 lajatang of Fragile Peace {flame, +Blink
                  | rCorr SInv}
 16065 | Lair:3   | Found a hole to the Spider Nest.
 16176 | Lair:3   | Found a runed translucent gate.
 16176 | Lair:3   | Found a runed translucent gate.
 16177 | Lair:3   | Found a runed translucent gate.
 16182 | Lair:3   | Noticed Tulew's ghost (journeyman NaTm)
 16364 | Lair:3   | Found a staircase to the Swamp.
 16445 | Lair:3   | Identified the +4 hand axe of Wituf {vorpal, Contam rPois
                  | rN+++}
 16955 | Lair:4   | Reached XP level 14. HP: 129/154 MP: 21/21
 17076 | Lair:4   | Reached skill level 14 in Fighting
 18655 | Lair:5   | Reached skill level 15 in Fighting
 19221 | Lair:5   | Reached XP level 15. HP: 155/167 MP: 23/23
 19563 | Lair:2   | Killed Gastronok
 19863 | Orc:1    | Entered Level 1 of the Orcish Mines
 20322 | Orc:2    | Entered Level 2 of the Orcish Mines
 20345 | Orc:2    | Reached skill level 10 in Dodging
 20446 | Orc:2    | Found Coonivan's General Store.
 20574 | Orc:2    | Noticed an orc warlord
 20721 | Orc:2    | Killed an orc warlord
 20897 | Orc:2    | Found Nugialuv's Antique Weapon Boutique.
 20946 | Orc:2    | Found a staircase to the Elven Halls.
 21013 | Orc:2    | Found Ydeygha's Antique Armour Shop.
 21058 | Orc:2    | Found Nockoq's Jewellery Shoppe.
 21418 | D:13     | Found a gate to the Vaults.
 21585 | D:13     | Reached skill level 16 in Fighting
 22191 | D:14     | Noticed Eteoggu's ghost (journeyman FoFi)
 22221 | D:14     | Noticed a profane servitor
 22222 | D:14     | Found a one-way gate to the infinite horrors of the Abyss.
 22232 | D:14     | Found a transporter.
 22282 | D:14     | Found an opulent altar of Gozag.
 22689 | D:14     | Found a transporter.
 22735 | D:14     | Found a portal to a secret trove of treasure.
 22796 | D:14     | Found a sacrificial altar of Ru.
 22838 | D:14     | Reached XP level 16. HP: 144/180 MP: 25/25
 22971 | D:14     | Found Lost's Magic Scroll Boutique.
 22978 | D:14     | You fall into a shaft and drop 1 floor!
 22978 | D:15     | Entered Level 15 of the Dungeon
 22978 | D:15     | Found a shimmering altar of Xom.
 22978 | D:15     | Found a shimmering altar of Xom.
 22978 | D:15     | Found a shimmering altar of Xom.
 22978 | D:15     | Found a shimmering altar of Xom.
 22978 | D:15     | Found a shimmering altar of Xom.
 22978 | D:15     | Found a shimmering altar of Xom.
 22978 | D:15     | Found a shimmering altar of Xom.
 23015 | D:14     | Bought a scroll of brand weapon for 220 gold pieces
 23015 | D:14     | Bought a scroll of teleportation for 33 gold pieces
 23015 | D:14     | Bought a scroll of fear for 38 gold pieces
 23015 | D:14     | Bought a scroll of teleportation for 33 gold pieces
 23015 | D:14     | Bought a scroll of enchant weapon for 82 gold pieces
 23078 | D:14     | You paid a toll of 5 scrolls of fear to enter a treasure
                  | trove
 23079 | Trove    | Entered a treasure trove
 23106 | Trove    | Identified the ring "Kum Duer" {rPois rC+ MP+9 Int+2}
 23132 | Trove    | Identified the +7 spear of the Many Realms {antimagic, Fly}
 23133 | Trove    | Identified the +8 lajatang of Eternal Night {flame, rCorr}
 23135 | Trove    | Identified the +6 morningstar "Newtslayer" {distort, rElec
                  | rF- rN+ Int+5}
 23447 | D:15     | Reached skill level 10 in Armour
 23926 | D:15     | Found a radiant altar of Vehumet.
 23935 | D:15     | Noticed Louise
 23957 | D:15     | Killed Louise
 24803 | Lair:3   | Killed Tulew's ghost
 24806 | Lair:3   | Reached skill level 17 in Fighting
 24989 | Spider:1 | Entered Level 1 of the Spider Nest
 26809 | Spider:2 | HP: 8/183 [jumping spider (5)]
 26809 | Spider:2 | Mangled by a jumping spider

Illustrated notes

Levels and vault maps discovered:
D:1:      minmay_arrival_arboretum_small, layout_basic
D:2:      layout_loops_corners, uniq_jessica
D:3:      layout_basic, lemuel_tele_altar, hellmonk_ecumenical_altar_lost_god,
          minmay_misc_feat_square, uniq_sigmund
D:4:      layout_loops_ring, marbit_many_paths, serial_glass, glass_columns_c,
          glass_columns_c, glass_columns_a, glass_columns_a, uniq_eustachio
D:5:      layout_layer_cave, uniq_edmund
D:6:      layout_basic, kennysheep_generic_room_9
D:7:      layout_rooms, grunt_temple_overflow_open,
          minmay_temple_entry_offerings, minmay_crystal_water,
          grunt_decor_fettered, minmay_misc_feat_tower, uniq_pikel,
          uniq_duvessa, uniq_maggie
D:8:      layout_basic, serial_shops, nicolae_shop_waterfront,
          grunt_ministairs_14, serial_bayou_pond_c, nicolae_transmutations_shop
D:9:      layout_stronghold, erik_orc_2, lightli_orcish_oven
D:10:     layout_rooms, mainiacjoe_overflow_small_starburst,
          mainiacjoe_overflow_concentric_impassable, enter_bailey_7
D:11:     layout_cave_pools, erik_lair_island, nicolae_blasting_shop,
          st_stairs_14
D:12:     layout_roguey, uniq_sonja, uniq_maurice
D:13:     layout_rooms, erik_vaults_1
D:14:     layout_roguey, enter_trove_5, gammafunk_ghost_abyssal_escape,
          serial_shops, shop, nicolae_ru_awakened_eye, moated_statue,
          grunt_gozag_breadcrumbs
D:15:     hangedman_depths_entry_try_elsewhere_first, layout_small_grid,
          nicolae_vehumet_altar_sigil, xom_shifter_show, uniq_louise
Lair:1:   layout_chaotic_city, minmay_holes, minmay_lair_oklob_bushes,
          grunt_megastairs_3, uniq_joseph
Lair:2:   layout_cave_pods, uniq_urug, uniq_gastronok
Lair:3:   layout_cellular_growth, minmay_swamp_entry_swarm,
          spider_nest_entry_webs, gammafunk_ghost_hydra_chop, grunt_megastairs_2
Lair:4:   regret_index_bee_streams, layout_regular_city, roderic_carrion_pond,
          serial_bayou_shore_a, infiniplex_staircase_pool
Lair:5:   layout_cave_pods, grunt_forest_large_clearings
Spider:1: layout_spider_delve
Spider:2: layout_chambers
Orc:1:    layout_caves, basic_altar
Orc:2:    grunt_orc_gardens, layout_diamond_mine, grunt_orc_garden,
          grunt_orc_garden, grunt_orc_garden, grunt_orc_garden

Skill      XL: |  1  2  3  4  5  6  7  8  9 10 11 12 13 14 15 16 |
---------------+-------------------------------------------------+-----
Maces & Flails | 1 |  1.6
Fighting       | 2 3 4 5 6 7 9 10 11 12 13 15 16 17 | 17.4
Staves         | 2 4 5 6 7 9 11 12 13 | 13.9
Invocations    | 1 3 4 6 7 8 10 11 13 | 13.9
Armour         | 3 4 5 7 8 9 10 | 10.6
Dodging        | 4 5 6 8 9 10 11 | 11.7
Evocations     | 3 |  3.2
Stealth        | |  0.6

Action                   |  1- 3 |  4- 6 |  7- 9 | 10-12 | 13-15 | 16-18 || total
-------------------------+-------+-------+-------+-------+-------+-------++-------
Melee: Club              |    34 |       |       |       |       |       ||    34
       Whip              |    22 |       |       |       |       |       ||    22
       Quarterstaff      |    26 |    62 |   145 |   492 |   181 |       ||   906
       Lajatang          |       |       |       |       |   928 |   347 ||  1275
Invok: Recite            |       |       |     8 |    34 |    26 |     8 ||    76
       Sanctuary         |       |       |       |     3 |     3 |       ||     6
       Vitalisation      |       |       |       |     7 |     6 |     9 ||    22
       Imprison          |       |       |       |       |     1 |       ||     1
Evoke: Wand              |       |       |       |     8 |       |       ||     8
  Use: Potion            |       |       |     1 |     2 |       |       ||     3
       Scroll            |       |       |    15 |     7 |     6 |     1 ||    29
 Stab: Sleeping          |     3 |     1 |     1 |       |     3 |       ||     8
       Distracted        |       |       |     4 |     6 |     5 |       ||    15
       Invisible         |       |       |     1 |     2 |     6 |       ||     9
       Paralysed         |       |       |       |     8 |     9 |       ||    17
       Confused          |       |       |       |    11 |     5 |     5 ||    21
Armor: Robe              |    22 |    16 |    28 |       |       |       ||    66
       Acid dragon scale |       |       |    14 |   132 |       |       ||   146
       Troll leather arm |       |       |       |    23 |   192 |    97 ||   312
Dodge: Dodged            |    37 |    29 |    46 |   304 |   589 |   195 ||  1200
Block: Other             |       |       |     8 |   144 |   205 |    69 ||   426
       Reflection        |       |       |       |     7 |     3 |     1 ||    11

Table legend: (Time is in decaauts)
 A = Elapsed time spent in this place.
 B = Non-inter-level travel time spent in this place.
 C = Inter-level travel time spent in this place.
 D = Time resting spent in this place.
 E = Time spent auto-exploring this place.
 F = Levels seen in this place.
 G = Mean time per level.
                   A        B        C        D        E       F      G
               +--------+--------+--------+--------+--------+-----+--------+
         Total |  26310 |  24727 |   1583 |   2808 |  15499 |  26 | 1011.9 |
       Dungeon |  16460 |  15341 |   1119 |   1908 |  10096 |  15 | 1097.3 |
          Lair |   6174 |   5781 |    393 |    315 |   3745 |   5 | 1234.8 |
   Spider Nest |   1594 |   1568 |     26 |    233 |    894 |   2 |  797.0 |
  Orcish Mines |   1328 |   1283 |     45 |    225 |    655 |   2 |  664.0 |
         Trove |    132 |    132 |      0 |      0 |     24 |   1 |  132.0 |
        Bailey |    621 |    621 |      0 |    127 |     85 |   1 |  621.0 |
               +--------+--------+--------+--------+--------+-----+--------+

Top non-repeatable levels by time:
     D:9: 2132 daAuts
  Lair:3: 1655 daAuts
     D:6: 1554 daAuts
  Lair:5: 1297 daAuts
  Lair:2: 1213 daAuts
    D:11: 1203 daAuts
  Lair:4: 1186 daAuts
     D:8: 1171 daAuts
     D:1: 1129 daAuts
Spider:1: 1112 daAuts
    D:12: 1091 daAuts
    D:14: 1082 daAuts
     D:5: 1034 daAuts
     D:7: 991 daAuts
     D:2: 967 daAuts
